AoeStats
← Claudito10

Black Forest

510214518Analyzed
3v3 RM · 1d ago on Sep 30, 2026· 121m 22s· 6 players
Game mode
Random Map
Map size
Normal (6 player)
Population
200
Speed
Normal
Resources
Standard
Victory
Conquest
Starting age
Dark Age
Ending age
Imperial Age
RankedLock teamsTeams togetherTeam positionsShared explorationLock speedFull tech treeHidden civsTurbo modeCheats
Victory
Defeat
🇦🇷 Italians · Argentina
632
+9
🇨🇦 Spanish · Canada
604
+10
🇧🇾 Spanish · Belarus
574
+11
🇨🇱 Vietnamese · Chile
537
-17
🇦🇷 Franks · Argentina
469
-10
🇦🇷 Turks · Argentina
415
-8
aaa
9:47 Feudal Age
17:05 Double-Bit Axe
18:25 Gold Mining
18:34 Horse Collar
25:53 Castle Age
24:52 Stone Mining
30:30 Bow Saw
36:43 Imperial Age
35:09 Gambesons
34:45 Pikeman
35:40 Heavy Plow
38:42 Chemistry
38:45 Halberdier
41:39 Scale Barding Armor
41:36 Scale Mail Armor
45:06 Chain Mail Armor
45:12 Chain Barding Armor
53:36 Bloodlines
54:37 Plate Mail Armor
54:25 Cavalier
55:22 Padded Archer Armor
57:29 Caravan
61:41 Plate Barding Armor
61:23 Leather Archer Armor
61:00 Fletching
61:21 Forging
62:49 Elite Conquistador
67:59 Paladin
70:56 Iron Casting
70:18 Bodkin Arrow
70:53 Ring Archer Armor
70:34 Elite Skirmisher
89:11 Coinage
88:57 Guilds
liam.percy.14
12:29 Feudal Age
14:45 Scale Barding Armor
18:47 Stone Mining
21:11 Double-Bit Axe
21:19 Horse Collar
23:54 Castle Age
23:43 Gold Mining
24:36 Wheelbarrow
26:37 Chain Barding Armor
29:16 Hand Cart
29:04 Heavy Plow
29:17 Bow Saw
29:47 Stone Shaft Mining
39:17 Imperial Age
39:19 Elite Conquistador
40:20 Supremacy
40:46 Plate Barding Armor
40:21 Padded Archer Armor
40:12 Fletching
40:33 Forging
40:23 Scale Mail Armor
42:45 Chemistry
42:08 Ballistics
42:48 Chemistry
42:59 Two-Man Saw
43:16 Onager
44:28 Caravan
44:44 Guilds
44:45 Bodkin Arrow
45:05 Leather Archer Armor
45:01 Forging
44:51 Scale Mail Armor
45:19 Bombard Tower
59:15 Inquisition
60:57 Husbandry
61:07 Bloodlines
61:10 Bracer
61:41 Ring Archer Armor
61:46 Iron Casting
61:26 Chain Mail Armor
90:16 Cavalier
92:33 Paladin
116:58 Redemption
116:49 Atonement
116:59 Fervor
117:10 Sanctity
116:50 Devotion
117:15 Illumination
117:06 Block Printing
117:13 Heresy
117:28 Theocracy
116:49 Herbal Medicine
116:22 Capped Ram
116:26 Spies/Treason
117:25 Conscription
116:36 Sappers
117:41 Hoardings
116:41 Light Cavalry
120:42 Blast Furnace
120:12 Plate Mail Armor
119:54 Careening
120:04 Shipwright
119:35 Guard Tower
119:30 Arrowslits
120:04 Fortified Wall
119:49 Murder Holes
120:05 Clinker Construction
120:06 Masonry
120:01 Siphons
119:22 Hussar
120:01 Town Watch
120:01 Loom
氷 N Y T R O | elpepE
15:23 Feudal Age
15:54 Double-Bit Axe
16:49 Horse Collar
21:42 Wheelbarrow
24:01 Gold Mining
27:14 Castle Age
25:49 Padded Archer Armor
25:43 Fletching
28:25 Bow Saw
35:03 Leather Archer Armor
34:44 Bodkin Arrow
35:09 Stone Mining
37:01 Stone Shaft Mining
37:31 Hand Cart
37:01 Loom
38:16 Thumb Ring
37:32 Crossbowman
41:57 Imperial Age
39:54 Ballistics
39:15 Treadmill Crane
39:45 Fortified Wall
42:22 Silk Road
44:08 Chemistry
43:44 Ring Archer Armor
43:15 Bracer
42:38 Arbalester
43:31 Pirotechnia
43:42 Conscription
45:01 Caravan
50:28 Hoardings
52:24 Elite Genoese Crossbowman
64:01 Bombard Tower
63:26 Arrowslits
63:33 Guard Tower
63:55 Masonry
63:43 Murder Holes
63:36 Town Watch
63:56 Scale Mail Armor
64:06 Forging
64:02 Scale Barding Armor
63:19 Pikeman
64:00 Squires
63:46 Arson
65:01 Town Patrol
67:38 Chain Mail Armor
67:58 Iron Casting
67:44 Chain Barding Armor
69:45 Onager
98:53 Plate Barding Armor
99:19 Blast Furnace
98:50 Plate Mail Armor
114:04 Husbandry
114:15 Bloodlines
113:25 Light Cavalry
118:13 Redemption
118:04 Atonement
118:15 Fervor
118:21 Block Printing
118:32 Illumination
118:07 Devotion
118:27 Sanctity
118:43 Theocracy
118:04 Herbal Medicine
118:47 Architecture
118:10 Heated Shot
118:58 Keep
119:02 Plate Barding Armor
118:04 Man-at-Arms
118:06 Elite Skirmisher
Bolivian Guy
15:36 Feudal Age
15:53 Loom
17:57 Wheelbarrow
19:34 Double-Bit Axe
23:52 Stone Mining
23:57 Gold Mining
32:11 Castle Age
32:29 Crossbowman
33:14 Thumb Ring
34:37 Bow Saw
34:58 Hand Cart
34:30 Town Watch
35:52 Gold Shaft Mining
36:04 Squires
36:36 Caravan
37:07 Coinage
36:38 Fletching
36:53 Padded Archer Armor
40:42 Imperial Age
38:13 Town Patrol
42:30 Two-Man Saw
44:00 Town Patrol
48:28 Heavy Camel Rider
56:52 Bodkin Arrow
57:12 Leather Archer Armor
60:45 Guard Tower
61:16 Bombard Tower
61:58 Guilds
62:18 Banking
71:02 Ballistics
71:18 Keep
70:47 Crossbowman
71:32 Thumb Ring
72:42 Loom
73:01 Horse Collar
74:09 Treadmill Crane
74:34 Heavy Plow
74:47 Bracer
75:18 Ring Archer Armor
74:55 Scale Barding Armor
75:35 Elite Janissary
112:03 Forging
111:53 Scale Mail Armor
Elshinobishileno
0:37 Loom
19:34 Feudal Age
21:01 Wheelbarrow
22:09 Double-Bit Axe
22:19 Gold Mining
22:19 Stone Mining
24:48 Town Watch
27:20 Castle Age
26:24 Fishing Lines
29:21 Coinage
28:52 Caravan
29:37 Gold Shaft Mining
29:14 Bow Saw
30:23 Forging
30:14 Scale Mail Armor
31:00 Hand Cart
31:41 Iron Casting
33:19 Chain Mail Armor
40:48 Imperial Age
39:47 Gillnets
42:03 Town Watch
42:47 Elite Throwing Axeman
45:22 Plate Mail Armor
45:52 Blast Furnace
45:25 Banking
45:09 Elite Throwing Axeman
60:35 Ballistics
61:15 Chemistry
60:27 Masonry
60:15 Murder Holes
60:05 Treadmill Crane
60:33 Siege Engineers
60:39 Careening
60:40 Clinker Construction
60:40 Fortified Wall
60:21 Guard Tower
60:17 Arrowslits
60:38 Siphons
62:49 Hoardings
67:47 Scale Barding Armor
67:43 Padded Archer Armor
67:33 Fletching
71:02 Architecture
72:31 Bodkin Arrow
72:53 Leather Archer Armor
73:39 Chain Barding Armor
73:25 Town Patrol
92:13 Plate Barding Armor
Claudito10
13:44 Loom
17:35 Feudal Age
18:53 Wheelbarrow
18:12 Double-Bit Axe
20:41 Town Watch
26:07 Horse Collar
30:46 Castle Age
30:04 Gold Mining
30:05 Stone Mining
31:47 Hand Cart
31:35 Heavy Plow
31:48 Bow Saw
32:03 Town Patrol
38:02 Stone Shaft Mining
37:28 Treadmill Crane
42:34 Imperial Age
42:15 Fortified Wall
42:10 Fletching
42:22 Padded Archer Armor
43:57 Elite Rattan Archer
47:11 Two-Man Saw
45:59 Elite Battle Elephant
46:59 Husbandry
47:12 Bloodlines
47:22 Forging
47:20 Scale Barding Armor
49:07 Crop Rotation
48:41 Bodkin Arrow
50:07 Bracer
50:25 Leather Archer Armor
52:04 Paper Money
52:53 Ring Archer Armor
54:00 Iron Casting
53:48 Chain Barding Armor
53:44 Onager
54:52 Chatras
59:26 Chemistry
61:22 Ballistics
67:52 Plate Barding Armor
86:20 Cavalier
93:02 Capped Ram
96:32 Elite Skirmisher
97:13 Arrowslits
97:17 Imperial Skirmisher
106:07 Thumb Ring
Connection lost

Rejoining the realm…

Still unreachable

The connection could not be restored.

Session expired

The server has moved on; the page needs a fresh start.